 Dungeon Crawl Stone Soup version 0.28.0-1-gb440e238dd (webtiles) character file.

Game seed: 9475390032693281544

173 SweetAndFullOfGrace the Grave Robber (level 5, -1/37 HPs)
             Began as a Formicid Necromancer on Feb 19, 2022.
             Slain by an adder (2 damage)
             ... on level 4 of the Dungeon.
             The game lasted 00:20:54 (4543 turns).

SweetAndFullOfGrace the Grave Robber (FoNe)         Turns: 4543, Time: 00:20:55

Health: -1/37      AC:  2    Str: 12    XL:     5   Next: 83%
Magic:  4/10       EV: 12    Int: 17    God:
Gold:   173        SH:  0    Dex: 11    Spells: 1/10 levels left

rFire   . . .      SeeInvis +   u - +4 dagger "Xonled" {drain, rCorr}
rCold   . . .      Faith    .   (no shield)
rNeg    . . .      Spirit   .   a - +0 robe
rPois   .          Reflect  .   (helmet unavailable)
rElec   .          Harm     .   (no cloak)
rCorr   +          Rampage  .   (no gloves)
Will    .....                   (no boots)
Stlth   ++........              (no amulet)
HPRegen 0.12/turn               (no ring)
MPRegen 0.12/turn               (no ring)

@: no status effects
A: permanent stasis, dig shafts and tunnels, antennae 3, four strong arms
a: Dig, Shaft Self


You were on level 4 of the Dungeon.
You visited 1 branch of the dungeon, and saw 4 of its levels.

You collected 173 gold pieces.

Inventory:

Hand Weapons
 e - a +0 short sword
 f - a +0 dagger
 n - a +0 mace
 o - a +0 hand axe
 p - a +0 trident
 t - the +5 flail "Goblinbane" {spect, rCorr Str+6}
   (You found it on level 3 of the Dungeon)

   When its wielder attacks, the weapon's spirit leaps out and strikes again.
   The spirit shares a part of any damage it takes with its wielder.
   Str:       It affects your strength (+6).
   rCorr:     It protects you from acid and corrosion.
 u - the +4 dagger "Xonled" (weapon) {drain, rCorr}
   (You found it on level 3 of the Dungeon)

   A truly terrible weapon, it drains the life of any living foe it strikes.
   rCorr:     It protects you from acid and corrosion.
Missiles
 b - 58 arrows
 d - 63 stones
 m - 24 bolts
Armour
 a - a +0 robe (worn)
 c - a +0 leather armour
 g - a +0 ring mail
Scrolls
 h - a scroll of noise {unknown}
 i - 2 scrolls of amnesia {unknown}
 l - a scroll of teleportation {unknown}
 r - a scroll of acquirement {unknown}
 v - 4 scrolls of identify {unknown}
Potions
 j - a potion of curing {unknown}
 k - a potion of attraction {unknown}
 q - a potion of ambrosia {unknown}
 s - a potion of mutation {unknown}


   Skills:
 + Level 1.3 Fighting
 + Level 2.1 Dodging
 + Level 3.0 Stealth
 + Level 3.3 Spellcasting
 * Level 5.5 Necromancy


You had one spell level left.
You knew the following spells:

 Your Spells              Type           Power      Damage    Failure   Level
a - Pain                  Necr           84%        1d8       1%          1
b - Animate Skeleton      Necr           42%        N/A       1%          1
c - Vampiric Draining     Necr           21%        2d7       5%          3
d - Animate Dead          Necr           10%        N/A       17%         4

Your spell library contained the following spells:

 Spells                   Type           Power      Damage    Failure   Level
 Agony                    Necr           21%        N/A       43%         5


Dungeon Overview and Level Annotations

Branches:
Dungeon (4/15)
 Temple: D:4-7

Altars:

Annotations:
D:3 Esekla's ghost, amateur FoTm


Innate Abilities, Weirdness & Mutations

You cannot be hasted, slowed, berserked, paralysed or teleported.
You can dig through walls and to a lower floor.
You have a pair of large antennae on your head. (SInv)
Your four strong arms can wield two-handed weapons with a shield.


Message History

Things that are here:
a +0 club; a +0 whip; an orc corpse You see here a +0 club.
The kobold shouts!
You see here a +0 hand axe.
Things that are here:
a +0 club; a +0 whip; an orc corpse You see here a +0 club.
An adder comes into view.
The adder hisses angrily.
Found a stone staircase leading down.
A ball python comes into view.
A hobgoblin comes into view.
The adder bites you. The adder closely misses you.
The black bear writhes in agony.
The adder bites you. The black bear bites you.
The black bear completely misses you. The black bear closely misses you.
Casting: Pain (safe; 1% risk of failure)
Confirm with . or Enter, or press ? or * to list all spells.
Aiming: Pain (safe; 1% risk of failure)
Press: ? - help, Shift-Dir - straight line, f - adder, p - black bear
Aim: an adder (chance to affect: 85%)
The adder writhes in agony.
The adder misses you. The black bear bites you.
* * * LOW HITPOINT WARNING * * *
The black bear claws you.
* * * LOW HITPOINT WARNING * * *
The black bear claws you but does no damage.
The adder bites you.
* * * LOW HITPOINT WARNING * * *
You see here a +0 club.
You see here a +0 club.
The adder bites you.
* * * LOW HITPOINT WARNING * * *
Casting: Pain (safe; 1% risk of failure)
Confirm with . or Enter, or press ? or * to list all spells.
Aiming: Pain (safe; 1% risk of failure)
Press: ? - help, Shift-Dir - straight line, f/p - adder
Aim: an adder (chance to affect: 85%)
The adder writhes in agony.
The adder bites you.
You die...

..#......## ...##. #...>.......
.....##..###...... ...........
....###.###....... ..........
......#......###..#####.........
..............##......#.........
.....##..........#.....#......#
......##....##..##............#
.)..............)Sh)...#.##....#
.<#............)@#....##.## ....
..##...........#)##...##..# ...
#)....#.......##)###...#..# ..
..##..##......##...##.....## .
.............#.#.............#
#......##............##..###.#
##..##........##..........# ..
####.........#.........#... ..
#........#......S......... .


You could see a black bear and an adder.

Vanquished Creatures
  An orc wizard (D:4)
  3 gnolls
  3 adders (D:3)
  An adder skeleton (D:2)
  2 worms
  A dart slug (D:1)
  8 orcs
  2 bats
  5 endoplasms
  7 giant cockroaches
  10 goblins
  4 hobgoblins
  6 quokkas
  4 ball pythons
  3 frilled lizards
  6 kobolds
  5 rats
71 creatures vanquished.

Notes
Turn   | Place    | Note
-------+----------+-------------------------------------------
     0 | D:1      | SweetAndFullOfGrace the Formicid Necromancer began the
                  | quest for the Orb.
     0 | D:1      | Reached XP level 1. HP: 13/13 MP: 3/3
     2 | D:1      | Learned a level 1 spell: Animate Skeleton
   349 | D:1      | Reached XP level 2. HP: 14/19 MP: 0/5
  1219 | D:1      | Reached XP level 3. HP: 22/24 MP: 3/6
  1883 | D:2      | Found a faded altar of an unknown god.
  1884 | D:2      | Noticed a golden eye
  1886 | D:2      | Noticed a floating eye
  1886 | D:2      | Noticed a shining eye
  1886 | D:2      | Noticed an eye of devastation
  2469 | D:2      | Reached XP level 4. HP: 29/30 MP: 6/8
  2579 | D:2      | Reached skill level 5 in Necromancy
  2926 | D:2      | Reached skill level 3 in Spellcasting
  3014 | D:3      | Learned a level 3 spell: Vampiric Draining
  3019 | D:3      | Learned a level 4 spell: Animate Dead
  3350 | D:3      | Found a transporter.
  3350 | D:3      | Noticed Esekla's ghost (amateur FoTm)
  3379 | D:3      | Found a transporter.
  3503 | D:3      | Reached XP level 5. HP: 32/36 MP: 1/9
  3589 | D:3      | Reached skill level 2 in Dodging
  3642 | D:3      | Identified the +5 flail "Goblinbane" {spect, rCorr Str+6}
  3677 | D:3      | Identified the +4 dagger "Xonled" {drain, rCorr}
  3812 | D:3      | HP: 1/36 [wyvern zombie (11)]
  4140 | D:3      | Reached skill level 1 in Fighting
  4431 | D:4      | Noticed a black bear
  4478 | D:4      | Reached skill level 3 in Stealth
  4542 | D:4      | HP: 2/37 [adder (2)]
  4543 | D:4      | Slain by an adder

Illustrated notes

Levels and vault maps discovered:
D:1:      scummos_arrival_simple_crosswalls, layout_loops_cross,
          minmay_misc_feat_roman, hangedman_decor_points
D:2:      layout_loops_ring, hellmonk_ecumenical_altar_watching_god,
          st_stairs_14, lightli_corner_chamber
D:3:      layout_rooms, gammafunk_ghost_mausoleum
D:4:      layout_cave_pools, uniq_pikel

Skill      XL: |  1  2  3  4  5 |
---------------+----------------+-----
Necromancy     | 5 |  5.5
Spellcasting   | 3 |  3.3
Dodging        | 2 |  2.1
Fighting       | 1 |  1.3
Stealth        | 3 |  3.0

Action                   |  1- 3 |  4- 6 || total
-------------------------+-------+-------++-------
Melee: Short sword       |    11 |       ||    11
       Dagger            |       |    10 ||    10
       Flail             |       |     3 ||     3
       Punch             |       |     1 ||     1
 Cast: Pain              |    78 |    71 ||   149
       Animate Skeleton  |     2 |    11 ||    13
 Abil: Dig               |       |     1 ||     1
 Stab: Sleeping          |     1 |     3 ||     4
Armor: Robe              |     5 |     3 ||     8
Dodge: Dodged            |    13 |    33 ||    46

Table legend: (Time is in decaauts)
 A = Elapsed time spent in this place.
 B = Non-inter-level travel time spent in this place.
 C = Inter-level travel time spent in this place.
 D = Time resting spent in this place.
 E = Time spent auto-exploring this place.
 F = Levels seen in this place.
 G = Mean time per level.
                   A        B        C        D        E       F      G
               +--------+--------+--------+--------+--------+-----+--------+
         Total |   4543 |   4372 |    171 |    712 |   2563 |   4 | 1135.8 |
       Dungeon |   4543 |   4372 |    171 |    712 |   2563 |   4 | 1135.8 |
               +--------+--------+--------+--------+--------+-----+--------+

Top non-repeatable levels by time:
     D:1: 1714 daAuts
     D:3: 1343 daAuts
     D:2: 1291 daAuts
     D:4: 193 daAuts

Table legend:
 A = Non-vault XP
 B = Vault XP
 C = Vault XP percentage of total XP
 D = Non-vault monster count
 E = Vault monster count
 F = Vault count percentage of total count
                 A         B        C        D         E       F
            +---------+---------+-------+---------+---------+-------
      Total |     243 |       5 |   2.0 |      67 |       4 |   5.6
            +---------+---------+-------+---------+---------+-------
        D:1 |      42 |       0 |   0.0 |      24 |       0 |   0.0
        D:2 |      35 |       5 |  12.5 |      15 |       4 |  21.1
        D:3 |      89 |       0 |   0.0 |      20 |       0 |   0.0
        D:4 |      77 |       0 |   0.0 |       8 |       0 |   0.0
            +---------+---------+-------+---------+---------+-------
